 Dungeon Crawl Stone Soup version 0.31.0-4-g52a2dc7128 (webtiles) character file.

Game seed: 4928204309835826911

254702 gohu the Brawler (level 18, -12/168 (179) HPs)
             Began as a Troll Gladiator on Jan 21, 2024.
             Was the Champion of Ru.
             Mangled by a frost giant
             ... wielding a +0 battleaxe of freezing
              (20 damage)
             ... on level 1 of the Vaults on Jan 22, 2024.
             The game lasted 02:29:54 (35813 turns).

gohu the Brawler (Troll Gladiator)                 Turns: 35813, Time: 02:29:55

HP:   -12/168 (179) AC: 16    Str: 37    XL:     18   Next: 3%
MP:   17/17         EV: 14    Int:  4    God:    Ru [******]
Gold: 2025          SH: 17    Dex: 16    Spells: 17/17 levels left

rFire   . .          .
                       - Unarmed
rCold   . . .        V - +3 kite shield {reflect}
rNeg    . . .        I - +0 swamp dragon scales
rPois   +            b - +1 hat
rElec   .            y - +2 cloak {Will+}
rCorr   .            (gloves unavailable)
SInv    .            (boots unavailable)
Will    ++...        o - amulet of the acrobat Stlth
                     g - +6 ring of strength
HPRegen 1.28/turn    a - ring "Gohuon" {Fly Dex+3}
MPRegen 0.15/turn

%: reflection, acrobat
@: mighty, lethally poisoned (-12 -> -13), exhausted, flying, drained
A: large, unfitting armour, claws 3, regeneration 1, shaggy fur 1, tough skin 1,
no stealth, inability to use devices, hated by all, cowardly, inexperienced 1,
no forms
}: 2/15 runes: serpentine, barnacled
a: Renounce Religion, Draw Out Power, Power Leap, Apocalypse


You were on level 1 of the Vaults.
You worshipped Ru.
Ru was exalted by your worship.
You visited 7 branches of the dungeon, and saw 33 of its levels.

You collected 3379 gold pieces.
You spent 1354 gold pieces at shops.

Inventory:

Hand Weapons
 d - a +0 war axe of flaming
 M - a +0 morningstar
Missiles
 c - 3 throwing nets
 j - 21 javelins
 k - 24 boomerangs
 C - 27 large rocks (quivered)
 P - 6 silver javelins
Armour
 b - a +1 hat (worn)
 w - a scarf of resistance
 y - a +2 cloak of willpower (worn)
 I - +0 swamp dragon scales (worn)
 J - +0 acid dragon scales
 L - a +2 tower shield of reflection
 N - a +0 cloak of preservation
 V - a +3 kite shield of reflection (worn)
Jewellery
 a - the ring "Gohuon" (right claw) {Fly Dex+3}
   (You took it off a naga ritualist on level 2 of the Snake Pit)

   [ring of flight]

   Dex+3:     It affects your dexterity (+3).
   Fly:       It grants you flight.
 f - a ring of ice
 g - a +6 ring of strength (left claw)
 o - an amulet of the acrobat (around neck)
 u - a ring of positive energy
 v - a ring of willpower
 x - an amulet of guardian spirit
 D - a +4 ring of protection
 O - a ring of ice
 R - a ring of flight
Scrolls
 i - 2 scrolls of enchant weapon
 l - 17 scrolls of teleportation
 p - 3 scrolls of fear
 r - 6 scrolls of identify
 s - 7 scrolls of immolation
 B - 5 scrolls of poison
 E - a scroll of vulnerability
 F - a scroll of amnesia
 H - 5 scrolls of fog
 T - a scroll of enchant armour
 U - 8 scrolls of blinking
 Y - 2 scrolls of revelation
Potions
 e - 3 potions of might
 h - 5 potions of brilliance
 m - 3 potions of mutation
 n - a potion of enlightenment
 q - 6 potions of curing
 t - 2 potions of berserk rage
 Q - 3 potions of resistance
 S - 2 potions of attraction
 W - 3 potions of haste
 X - 4 potions of cancellation
 Z - a potion of magic


   Skills:
 * Level 11.6 Fighting
 - Level 1.8 Axes
 + Level 11.6 Throwing
 + Level 9.6 Armour
 + Level 10.2 Dodging
 - Level 15.2 Shields
 + Level 20.5 Unarmed Combat


You had 17 spell levels left.
You didn't know any spells.
Your spell library contained the following spells:

 Spells                   Type           Power      Damage    Failure   Level
 Foxfire                  Conj/Fire      0%         2x1d4     67%         1
 Freeze                   Ice            0%         1d3       67%         1
 Magic Dart               Conj           0%         1d3       67%         1
 Necrotise                Necr           0%         1d4       67%         1
 Sandblast                Erth           0%         2d4       67%         1
 Blink                    Tloc           0%         N/A       82%         2
 Cigotuvi's Dreadful Rot  Necr/Alch/Air  0%         N/A       82%         2
 Ensorcelled Hibernation  Hex/Ice        0%         N/A       82%         2
 Lesser Beckoning         Tloc           0%         N/A       82%         2
 Mercury Vapours          Alch/Air       0%         N/A       82%         2
 Momentum Strike          Conj/Tloc      0%         3d8       82%         2
 Scorch                   Fire           0%         2d5       82%         2
 Searing Ray              Conj           0%         2d4       82%         2
 Sublimation of Blood     Necr           0%         N/A       82%         2
 Dazzling Flash           Conj/Hex       0%         N/A       96%         3
 Frozen Ramparts          Ice            0%         1d1       96%         3
 Fugue of the Fallen      Necr           0%         N/A       96%         3
 Hailstorm                Conj/Ice       0%         3d5       96%         3
 Inner Flame              Hex/Fire       0%         N/A       96%         3
 Mephitic Cloud           Conj/Alch/Air  0%         N/A       96%         3
 Passwall                 Erth           0%         N/A       96%         3
 Stone Arrow              Conj/Erth      0%         3d7       96%         3
 Vampiric Draining        Necr           0%         2d6       96%         3
 Volatile Blastmotes      Fire/Tloc      0%         2d10      96%         3
 Anguish                  Hex/Necr       0%         N/A       100%        4
 Brom's Barrelling Bould  Conj/Erth      0%         2d3       100%        4
 Dispel Undead            Necr           0%         3d6       100%        4
 Flame Wave               Conj/Fire      0%         2d4       100%        4
 Fulminant Prism          Conj/Alch      0%         3d5       100%        4
 Iskenderun's Mystic Bla  Conj/Tloc      0%         2d3       100%        4
 Olgreb's Toxic Radiance  Alch           0%         N/A       100%        4
 Sticky Flame             Fire/Alch      0%         2d4       100%        4
 Curse of Agony           Necr           0%         N/A       100%        5
 Freezing Cloud           Conj/Ice/Air   0%         6-21      100%        5
 Silence                  Hex/Air        0%         N/A       100%        5
 Plasma Beam              Fire/Air       0%         2x1d10    100%        6
 Starburst                Conj/Fire      0%         6d3       100%        6
 Orb of Destruction       Conj           0%         9d5       100%        7
 Ozocubu's Refrigeration  Ice            0%         4d7       100%        7
 Discord                  Hex            0%         N/A       100%        8
 Summon Small Mammal      Summ           Unusable   N/A       N/A         1
 Call Imp                 Summ           Unusable   N/A       N/A         2
 Call Canine Familiar     Summ           Unusable   N/A       N/A         3
 Summon Ice Beast         Ice/Summ       Unusable   N/A       N/A         3
 Martyr's Knell           Necr/Summ      Unusable   N/A       N/A         4
 Summon Blazeheart Golem  Fire/Summ      Unusable   N/A       N/A         4
 Death Channel            Necr           Unusable   N/A       N/A         6
 Sculpt Simulacrum        Ice/Alch       Unusable   N/A       N/A         6
 Summon Cactus Giant      Summ           Unusable   N/A       N/A         6
 Spellforged Servitor     Conj/Summ      Unusable   N/A       N/A         7
 Summon Hydra             Summ           Unusable   N/A       N/A         7

Dungeon Overview and Level Annotations

Branches:
Dungeon (15/15)            Temple (1/1) D:4            Lair (5/5) D:9
 Shoals (4/4) Lair:3        Snake (4/4) Lair:3        Slime (0/5) Lair:4
    Orc (2/2) D:10            Elf (0/3) Orc:2        Vaults (2/5) D:14
 Depths (0/4) D:15
  Crypt: Vaults:2-3

Altars:
Ashenzari
Cheibriados
Dithmenos
Elyvilon
Gozag
Kikubaaqudgha
Makhleb
Nemelex Xobeh
Okawaru
Qazlal
Ru
Sif Muna
Trog
Uskayaw
Vehumet
Xom
Zin
The Shining One

Shops:
D:10 [   D:12 ?   D:14 :   Orc:2 :?(?   Shoals:2 [(*(   Snake:2 :=:   Snake:3 =

Portals:
Trove: D:13 (give +5 ice dragon scales)

Annotations:
D:2 Natasha
D:6 2 transporters
D:9 1 runed translucent door
D:14 exclusion: obsidian statue
D:15 Roxanne
Lair:4 exclusion: 4 oklob plants
Shoals:1 2 transporters, exclusion: orange crystal statue
Shoals:3 exclusion: downstairs
Vaults:1 Norris


Innate Abilities, Weirdness & Mutations

You are too large for most types of armour.
You have claws for hands.
Your natural rate of healing is unusually fast.
You are covered in fur. (AC +1)
You have tough skin. (AC +1)
You cannot be stealthy.
You cannot study or use magical devices.
You are hated by all.
Your cowardice makes you less effective in combat with threatening foes.
You are somewhat inexperienced. (-1 XL)
You cannot voluntarily change form.


Message History

You are too injured to fight recklessly!
You are too injured to fight recklessly!
You eviscerate the tengu reaver!!!
The tengu reaver is severely wounded.
You feel very sick.
You feel a twist of horror at the sight of this foe.
You miss the tengu reaver.
The tengu reaver is severely wounded.
You feel very sick. The tengu reaver casts a spell at you.
The bolt of cold hits you!!!
* * * LOW HITPOINT WARNING * * *
You mangle the tengu reaver!!
You kill the tengu reaver!
* * * LOW HITPOINT WARNING * * *
You feel very sick.
Okay, then.
You are restored by drawing out deep reserves of power within.
You feel drained.
You feel very sick.
You redirect the frost giant's attack!
The frost giant gestures at itself while chanting.
The bolt of cold hits the frost giant!
The frost giant resists.
You are too injured to fight recklessly!
You feel very mighty all of a sudden.
You feel very sick. The frost giant casts a spell at you.
The bolt of cold hits you!!!
* * * LOW HITPOINT WARNING * * *
Okay, then.
Okay, then.
Unknown command.
Okay, then.
Okay, then.
As you read the scroll of fear, it crumbles to dust.
You assume a fearsome visage.
The frost giant resists with some effort.
You feel sick.
The frost giant hits you with a +0 battleaxe of freezing!!
You die...

##### #####....
### ### ### ###
#.......# #.#
#?# #.# #.#
##.#...#..
#'###'# #'###'#
#...#.#...
#.....# #.C...#
#....∩....
#'#.#'# #@#.#'#
#...#.#...
#.#.#.# #.#.#.#
#..#.T)#..
###.#######.###
#....†@T$~
#...)...÷.#
#.######T~
###.###)###.###
#....####'
#.#.#.#.#.#)#.#
####.....T
#'#.#'#.#'#.#'#
#......
#.....#)#.....#
#......
#'###'#)#'###'#
#..Q.>.


You could see a frost giant.

Vanquished Creatures
  Nikola (Snake:4)
  Rupert (Orc:2)
  A kraken (Shoals:1)
  2 tengu reavers (Vaults:1)
  Kirke (D:15)
  2 nagarajas
  Donald (Orc:1)
  2 vault wardens (Vaults:1)
  An orc warlord (Vaults:1)
  5 ironbound preservers (Vaults:1)
  A formless jellyfish (Vaults:1)
  Nessos (D:15)
  10 dire elephants (Vaults:1)
  An ettin (D:15)
  10 merfolk impalers
  An entropy weaver (Vaults:1)
  Josephine (D:15)
  6 merfolk javelineers
  2 great orbs of eyes (Vaults:1)
  A fire dragon (D:13)
  6 hydras
  A vault guard (D:13)
  4 yaktaur captains (Vaults:1)
  3 salamander tyrants (Snake:4)
  Erolcha (Orc:2)
  2 ironbound frosthearts (Vaults:1)
  7 merfolk avatars
  8 merfolk aquamancers
  An ogre mage (Orc:2)
  A two-headed ogre (D:11)
  12 centaur warriors
  21 anacondas
  4 boulder beetles
  3 satyrs
  9 naga warriors
  3 tengu warriors (D:15)
  7 death yaks
  Urug (Lair:1)
  13 shock serpents
  6 naga sharpshooters
  An occultist (D:15)
  Sonja (Lair:2)
  6 skysharks
  16 salamander mystics
  4 skeletal warriors (D:14)
  10 deep trolls (Vaults:1)
  A glowing orange brain (D:13)
  8 sea snakes
  13 mana vipers
  2 necromancers (Vaults:1)
  3 arcanists
  13 naga ritualists
  9 lindwurms
  4 ironbound convokers (Vaults:1)
  A deep elf pyromancer (D:12)
  18 harpies
  11 orc sorcerers
  An orc knight (Orc:2)
  23 salamanders
  8 ugly things
  6 cyclopes
  A wolf spider (D:15)
  2 fauns (Shoals:2)
  13 manticores
  16 naga magi
  10 guardian serpents
  Maurice (Orc:1)
  6 merfolk sirens
  Joseph (D:9)
  40 black mambas
  4 water nymphs
  3 vault sentinels (Vaults:1)
  A torpor snail (Lair:2)
  8 cane toads
  A gargoyle (D:11)
  Maggie (D:6)
  4 yaktaurs (Vaults:1)
  An efreet (D:15)
  9 komodo dragons
  A kobold demonologist (D:13)
  3 rime drakes
  2 tengu conjurers (D:15)
  Psyche (D:9)
  17 merfolk
  4 wind drakes
  4 polar bears (Lair:5)
  2 hornets (Lair:5)
  5 trolls
  8 dream sheep
  Prince Ribbit (D:5)
  9 snapping turtles
  Grinder (D:4)
  20 blink frogs
  Sigmund (D:5)
  11 slime creatures
  13 spriggans (Lair:5)
  A vampire (D:12)
  4 shadows
  21 water elementals
  6 wraiths
  50 yaks
  4 basilisks
  4 wyverns
  2 steam dragons
  A golden eye (shapeshifter) (D:13)
  A warg (Orc:1)
  A hog (shapeshifter) (D:14)
  2 redbacks (Vaults:1)
  2 vampire mosquitoes (D:11)
  28 nagas
  Edmund (D:4)
  A glowing shapeshifter zombie (Vaults:1)
  4 acid dragons
  17 water moccasins
  A swamp drake (D:10)
  16 orc warriors
  An ice beast (D:4)
  A sky beast (D:8)
  6 black bears
  4 laughing skulls (D:13)
  12 ogres
  7 boggarts
  34 wolves
  9 centaurs
  10 bullfrogs
  5 kobold brigands
  2 scorpions
  A wight (D:8)
  9 killer bees (D:9)
  7 electric eels
  6 howler monkeys
  2 bombardier beetles
  A jelly (D:4)
  Crazy Yiuf (D:5)
  3 hounds
  11 orc priests
  4 iguanas
  An iron imp (D:14)
  Ijyb (D:4)
  52 orc wizards
  Robin (D:4)
  10 adders
  A white imp (D:6)
  2 ufetubi (D:7)
  4 dart slugs
  5 ribbon worms
  72 orcs
  5 ball pythons
  4 bats
  5 endoplasms
  5 giant cockroaches
  21 goblins
  8 hobgoblins
  7 jackals
  14 kobolds
  A quokka (D:5)
  3 frilled lizards
  5 rats
  4 tentacles (Shoals:1)
1082 creatures vanquished.

Vanquished Creatures (others)
  Agnes (D:15)
  A vault warden (Vaults:1)
  A two-headed ogre (D:10)
  A centaur warrior (Shoals:1)
  An anaconda (Snake:2)
  A merfolk aquamancer (Shoals:1)
  A naga sharpshooter (Snake:1)
  A skyshark (Vaults:1)
  A salamander mystic (Snake:4)
  A mana viper (Snake:3)
  A large abomination (D:14)
  A slime creature (D:13)
  A harpy (Shoals:1)
  A cyclops (D:15)
  A merfolk siren (Shoals:4)
  A merfolk (Shoals:3)
  A water elemental (Shoals:1)
  2 humans (D:15)
  A chaos spawn (D:14)
  2 nagas
  An orc warrior (Orc:1)
  A boggart (D:14)
  A centaur (D:15)
  2 orc wizards
  An ufetubus (D:14)
  An orc (Orc:1)
  A goblin (D:4)
  18 tentacles (Shoals:1)
48 creatures vanquished.

Grand Total: 1130 creatures vanquished

Notes
Turn   | Place    | Note
-------+----------+-------------------------------------------
     0 | D:1      | gohu the Troll Gladiator began the quest for the Orb.
     0 | D:1      | Reached XP level 1. HP: 19/19 MP: 0/0
   194 | D:1      | Reached XP level 2. HP: 27/27 MP: 1/1
   547 | D:1      | Reached skill level 4 in Unarmed Combat
   581 | D:1      | Reached XP level 3. HP: 33/33 MP: 2/2
   802 | D:2      | Noticed an ogre
   862 | D:2      | Noticed Natasha
  1007 | D:4      | Reached XP level 4. HP: 36/42 MP: 3/3
  1043 | D:3      | Found a shadowy altar of Dithmenos.
  1296 | D:3      | Found a sacrificial altar of Ru.
  1300 | D:3      | Became a worshipper of Ru the Awakened
  1344 | D:4      | Noticed Ijyb
  1373 | D:5      | Entered Level 5 of the Dungeon
  1380 | D:5      | Noticed Sigmund
  1390 | D:5      | Reached skill level 5 in Unarmed Combat
  1396 | D:5      | Killed Sigmund
  1397 | D:5      | Reached skill level 6 in Unarmed Combat
  1397 | D:5      | Reached XP level 5. HP: 17/49 MP: 4/4
  1397 | D:5      | Reached XP level 6. HP: 20/57 MP: 5/5
  1504 | D:5      | Found a radiant altar of Vehumet.
  1577 | D:5      | Reached skill level 7 in Unarmed Combat
  1648 | D:5      | Noticed Prince Ribbit
  1823 | D:2      | Reached XP level 7. HP: 36/65 MP: 6/6
  2171 | D:4      | Killed Ijyb
  2270 | D:4      | Reached skill level 8 in Unarmed Combat
  2333 | D:4      | Noticed Edmund
  2338 | D:4      | Killed Edmund
  2450 | D:4      | Found a staircase to the Ecumenical Temple.
  2454 | Temple   | Entered the Ecumenical Temple
  2612 | D:4      | Found a sparkling altar of Nemelex Xobeh.
  2685 | D:4      | Gained mutation: You cannot study or use magical devices.
                  | [Ru sacrifice]
  2685 | D:4      | Reached * piety under Ru
  2685 | D:4      | Reached ** piety under Ru
  2883 | D:4      | Reached skill level 9 in Unarmed Combat
  2890 | D:4      | Reached XP level 8. HP: 21/74 MP: 7/7
  3138 | D:4      | Noticed Grinder
  3138 | D:4      | Paralysed by Grinder for 5 turns
  3149 | D:4      | Killed Grinder
  3199 | D:4      | Noticed Robin
  3226 | D:4      | Killed Robin
  3398 | D:5      | Killed Prince Ribbit
  3399 | D:5      | Reached skill level 10 in Unarmed Combat
  3596 | D:5      | Found a runed translucent door.
  3597 | D:5      | Noticed Crazy Yiuf
  3614 | D:5      | Killed Crazy Yiuf
  3905 | D:6      | Found a transporter.
  3947 | D:6      | Found a transporter.
  3962 | D:6      | Noticed a troll
  3962 | D:6      | Noticed a cyan ugly thing
  3964 | D:6      | Found a white marble altar of Elyvilon.
  4191 | D:6      | Noticed Maggie
  4201 | D:6      | Killed Maggie
  4202 | D:6      | Reached skill level 11 in Unarmed Combat
  4202 | D:6      | Reached XP level 9. HP: 81/81 MP: 8/8
  4363 | D:6      | Found a glowing silver altar of Zin.
  4659 | D:7      | Gained mutation: Your cowardice makes you less effective in
                  | combat with threatening foes. [Ru sacrifice]
  4659 | D:7      | Reached *** piety under Ru
  5001 | D:7      | Found an iron altar of Okawaru.
  5060 | D:7      | Reached skill level 5 in Throwing
  5232 | D:7      | Reached skill level 12 in Unarmed Combat
  5233 | D:7      | Found a hide-covered altar of Uskayaw.
  5247 | D:7      | Identified the +5 war axe "Kidgharch" {drain, rElec Stlth+}
  5520 | D:8      | Identified the +8 spear of Quick Indomitability {heavy,
                  | rPois rF- rC+++ Dex+3}
  5524 | D:8      | Found an opulent altar of Gozag.
  5617 | D:8      | Found a glowing golden altar of the Shining One.
  5952 | D:8      | Reached XP level 10. HP: 91/91 MP: 9/9
  6417 | D:8      | Gained mutation: You cannot voluntarily change form. [Ru
                  | sacrifice]
  6534 | D:9      | Noticed Psyche
  6541 | D:9      | Killed Psyche
  6617 | D:9      | Noticed Joseph
  6639 | D:9      | Killed Joseph
  6640 | D:9      | Reached skill level 1 in Shields
  6764 | D:10     | Entered Level 10 of the Dungeon
  7065 | D:9      | Found a staircase to the Lair.
  7164 | D:9      | Found a runed translucent door.
  7168 | D:9      | Found a burning altar of Makhleb.
  7168 | D:9      | Noticed a sixfirhy
  7684 | D:10     | Found a snail-covered altar of Cheibriados.
  7692 | D:10     | Reached skill level 13 in Unarmed Combat
  7867 | D:10     | Noticed a two-headed ogre
  7896 | D:9      | Reached XP level 11. HP: 98/100 MP: 10/10
  7976 | D:10     | Killed a two-headed ogre
  8065 | D:10     | Found a staircase to the Orcish Mines.
  8227 | D:10     | Found Xugiad's Antique Armour Boutique.
  8700 | D:11     | Noticed a two-headed ogre
  8704 | D:11     | Killed a two-headed ogre
  8799 | D:10     | Gained mutation: You cannot be stealthy. [Ru sacrifice]
  8799 | D:10     | Reached **** piety under Ru
  8963 | D:11     | Reached skill level 1 in Armour
  9131 | D:12     | Reached skill level 5 in Fighting
  9349 | D:12     | Noticed a centaur warrior
  9349 | D:12     | Noticed a centaur warrior
  9432 | Lair:1   | Entered Level 1 of the Lair of Beasts
  9527 | Lair:1   | Reached skill level 14 in Unarmed Combat
  9916 | Lair:2   | Noticed a death yak
  9916 | Lair:2   | Noticed a death yak
  9988 | Lair:1   | Noticed Urug
  9996 | Lair:1   | Killed Urug
 10305 | Lair:2   | Reached XP level 12. HP: 111/111 MP: 11/11
 10500 | Lair:2   | Noticed Sonja
 10509 | Lair:2   | Noticed a boulder beetle
 10517 | Lair:2   | Killed Sonja
 10538 | Lair:2   | Killed a boulder beetle
 10683 | Lair:3   | Reached skill level 5 in Shields
 10783 | Lair:3   | Found a staircase to the Snake Pit.
 10791 | Lair:3   | Identified the +6 falchion of the Candle {venom, MP+9
                  | Dex+2}
 10913 | Lair:3   | Gained mutation: You are somewhat inexperienced. (-1 XL)
                  | [Ru sacrifice]
 10913 | Lair:3   | Reached XP level 11. HP: 105/105 MP: 10/10
 10913 | Lair:3   | Reached ***** piety under Ru
 10946 | Lair:3   | Noticed a death yak
 10950 | Lair:3   | Noticed a death yak
 10952 | Lair:3   | Killed a death yak
 10952 | Lair:3   | Noticed a death yak
 10962 | Lair:3   | Noticed a death yak
 10962 | Lair:3   | Noticed a death yak
 10965 | Lair:3   | Killed a death yak
 10966 | Lair:3   | Reached skill level 5 in Dodging
 11003 | Lair:2   | Reached skill level 15 in Unarmed Combat
 11210 | Lair:2   | Killed a death yak
 11217 | Lair:2   | Killed a death yak
 11726 | Lair:3   | Noticed a five-headed hydra
 11731 | Lair:3   | Killed a six-headed hydra
 11760 | Lair:3   | Reached XP level 12. HP: 115/115 MP: 11/11
 11760 | Lair:3   | Found a staircase to the Shoals.
 12751 | Lair:5   | Entered Level 5 of the Lair of Beasts
 12839 | Lair:4   | Found a blossoming altar of Fedhas.
 13018 | Lair:4   | Found a staircase to the Slime Pits.
 13513 | Lair:5   | Reached skill level 16 in Unarmed Combat
 14155 | Lair:5   | Reached skill level 10 in Throwing
 14609 | Lair:5   | Reached XP level 13. HP: 127/127 MP: 12/12
 15128 | Orc:1    | Entered Level 1 of the Orcish Mines
 15341 | Orc:2    | Entered Level 2 of the Orcish Mines
 15341 | Orc:2    | Found a staircase to the Elven Halls.
 15352 | Orc:2    | Noticed Donald
 15411 | Orc:1    | Killed Donald
 16109 | Orc:2    | Noticed Rupert
 16123 | Orc:2    | Killed Rupert
 16251 | Orc:2    | Found Umaxtua's Magic Scroll Shop.
 16322 | Orc:2    | Found Jaubov's Antique Weapon Boutique.
 16416 | Orc:2    | Bought a scroll of teleportation for 51 gold pieces
 16416 | Orc:2    | Bought a scroll of blinking for 127 gold pieces
 16416 | Orc:2    | Bought a scroll of fear for 68 gold pieces
 16478 | Orc:2    | Noticed Erolcha
 16518 | Orc:2    | Killed Erolcha
 16580 | Orc:2    | Found an ancient bone altar of Kikubaaqudgha.
 16593 | Orc:2    | Paralysed by an orc sorcerer for 4 turns
 16599 | Orc:2    | Reached skill level 5 in Armour
 16625 | Orc:2    | Reached skill level 17 in Unarmed Combat
 16671 | Orc:2    | Found a radiant altar of Vehumet.
 16690 | Orc:2    | Paralysed by an orc sorcerer for 3 turns
 16727 | Orc:2    | Found Safuxkutt's Magic Scroll Boutique.
 16737 | Orc:2    | Found Jietz's Book Shop.
 16761 | Orc:2    | Bought a scroll of blinking for 82 gold pieces
 16761 | Orc:2    | Bought a scroll of fear for 44 gold pieces
 16764 | Orc:2    | Bought 2 scrolls of identify for 44 gold pieces
 16956 | Orc:1    | Paralysed by an orc sorcerer for 3 turns
 16984 | Orc:1    | Noticed Maurice
 17019 | Orc:1    | Maurice stole a ring of wizardry
 17032 | Orc:1    | Killed Maurice
 17343 | D:12     | Found Zimarghu's Magic Scroll Emporium.
 17790 | D:12     | Bought a scroll of teleportation for 45 gold pieces
 17790 | D:12     | Bought a scroll of teleportation for 45 gold pieces
 17790 | D:12     | Bought a scroll of blinking for 112 gold pieces
 17790 | D:12     | Bought a scroll of enchant armour for 112 gold pieces
 17790 | D:12     | Bought a scroll of teleportation for 45 gold pieces
 17790 | D:12     | Bought a scroll of identify for 30 gold pieces
 17790 | D:12     | Bought a scroll of teleportation for 45 gold pieces
 17897 | D:13     | HP: 2/128 [eight-headed hydra (10)]
 18207 | Shoals:1 | Entered Level 1 of the Shoals
 18637 | Shoals:1 | Found a transporter.
 18689 | Shoals:1 | Found a transporter.
 18689 | Shoals:1 | Found the +8 Vampire's Tooth {megavamp}
 18884 | Shoals:1 | HP: 5/130 [drowned by a water elemental[a merfolk
                  | aquamancer] (7)]
 19030 | Shoals:1 | Noticed a kraken
 19173 | Shoals:1 | Killed a kraken
 19174 | Shoals:1 | Reached XP level 14. HP: 57/140 MP: 13/13
 19792 | Snake:1  | Entered Level 1 of the Snake Pit
 19835 | Snake:1  | Noticed a nagaraja
 19886 | Snake:1  | Killed a nagaraja
 19888 | Snake:1  | Reached skill level 10 in Shields
 20039 | Snake:1  | Reached skill level 18 in Unarmed Combat
 21648 | Snake:2  | Identified the +3 long sword "Ufisk" {distort, rCorr Str+2
                  | Dex+4}
 21854 | Snake:2  | Identified the staff "Qusier" {^Drain Str+2 Int+3 Earth}
 21937 | Snake:2  | Identified the +0 robe of Liberalism {Fly}
 21937 | Snake:2  | Identified the ring "Gohuon" {Fly Dex+3}
 21944 | Snake:2  | Reached XP level 15. HP: 144/148 MP: 7/14
 22432 | Snake:2  | Reached skill level 10 in Fighting
 22589 | Snake:2  | Found Baloadu's Book Emporium.
 22589 | Snake:2  | Found Tavauwoagg's Jewellery Boutique.
 22591 | Snake:2  | Found Bulaptam's Book Emporium.
 22626 | Snake:2  | Bought a +6 ring of strength for 504 gold pieces
 22887 | Snake:4  | Entered Level 4 of the Snake Pit
 23660 | Snake:3  | Identified the +10 glaive of Yxihulusch {pain, rElec rN+
                  | Stlth-}
 23913 | Snake:3  | Found Gaask's Jewellery Shoppe.
 24427 | D:13     | Found a portal to a secret trove of treasure.
 24551 | D:13     | Identified the +2 leather armour of Tomorrow {-Cast rElec
                  | rN+}
 25438 | D:14     | Found a gate to the Vaults.
 25746 | D:15     | Entered Level 15 of the Dungeon
 25869 | D:14     | Found Nofic's Book Boutique.
 26620 | D:14     | Reached skill level 1 in Axes
 26928 | Shoals:2 | Found Atikidgh's Weapon Shoppe.
 26942 | Shoals:2 | Found Joigoh's Assorted Antiques.
 27249 | Shoals:2 | Found Onolol's Antique Armour Shop.
 27249 | Shoals:2 | Found Rucikean's Antique Weapon Shoppe.
 27986 | Shoals:3 | Reached XP level 16. HP: 159/159 MP: 15/15
 28762 | Shoals:4 | Entered Level 4 of the Shoals
 29059 | Shoals:4 | Identified the +3 plate armour "Pyraorch" {Will- rCorr
                  | Str-2 Dex+6}
 29258 | Shoals:4 | Identified the +0 robe "Xiuf" {rC+ Str+2}
 30464 | Shoals:4 | Got a barnacled rune of Zot
 30857 | D:15     | Noticed Kirke
 30879 | D:15     | Killed Kirke
 30945 | D:15     | Noticed Roxanne
 31041 | D:15     | Reached skill level 15 in Shields
 31052 | D:15     | Noticed Josephine
 31058 | D:15     | Killed Josephine
 31170 | D:15     | Noticed Nessos
 31173 | D:15     | Killed Nessos
 31457 | D:15     | Found a staircase to the Depths.
 31464 | D:15     | Found the +3 Mad Mage's Maulers {Infuse+∞ VampMP -Cast}
 31575 | D:15     | Noticed Agnes
 31584 | D:15     | Killed Agnes
 32247 | Snake:4  | Noticed Nikola
 32275 | Snake:4  | Killed Nikola
 32820 | Snake:4  | Reached XP level 17. HP: 157/161 MP: 16/16
 33054 | Snake:4  | Gained mutation: You are hated by all. [Ru sacrifice]
 33054 | Snake:4  | Reached ****** piety under Ru
 33257 | Snake:4  | Reached skill level 19 in Unarmed Combat
 33561 | Snake:4  | Got a serpentine rune of Zot
 33962 | Vaults:1 | Entered Level 1 of the Vaults
 34696 | Vaults:1 | Reached skill level 10 in Dodging
 34948 | Vaults:1 | Reached skill level 20 in Unarmed Combat
 35071 | Vaults:1 | Found Gudweg's Antique Weapon Shoppe.
 35139 | Vaults:1 | Noticed Norris
 35562 | Vaults:1 | Reached XP level 18. HP: 178/178 MP: 17/17
 35810 | Vaults:1 | HP: 8/175 [poisoned by a tengu reaver]
 35813 | Vaults:1 | Mangled by a frost giant

Illustrated notes

Levels and vault maps discovered:
D:1:      saegor_arrival_simple_e, layout_loops_cross, minmay_pentomino_o2
D:2:      layout_basic, uniq_natasha
D:3:      layout_rooms, mainiacjoe_overflow_alcove_4,
          nicolae_dithmenos_shadow_blocks, minmay_misc_feat_four_crosses
D:4:      kennysheep_goblin_castle, layout_loops_ring,
          nicolae_wu_jian_glorious_leap, amcnicky_altar_gilded,
          temple_hall_moat, serial_library_hellmonk_angled_corner,
          chequers_serial_rivers_large_a, lightli_corner_chamber, uniq_ijyb,
          uniq_grinder, uniq_edmund
D:5:      layout_cave_pools, nicolae_vehumet_radiance, uniq_sigmund,
          uniq_crazy_yiuf_cottage, uniq_prince_ribbit1
D:6:      layout_cave_pools, gammafunk_temple_overflow_arena,
          lemuel_doored_altar, billiards_dpeg, uniq_maggie
D:7:      layout_loops_ring, mainiacjoe_overflow_surrounded_room,
          eat_drink_and_be_merry_uskayaw, nrook_pool_corridor
D:8:      layout_gridville, lemuel_crystal_altar, mainiacjoe_overflow_boulevard,
          minmay_circle_x
D:9:      nicolae_hitomezashi [nicolae_hito_row, nicolae_hito_row,
          nicolae_hito_row, nicolae_hito_row, nicolae_hito_row,
          nicolae_hito_row, nicolae_hito_row, nicolae_hito_row,
          nicolae_hito_row, nicolae_hito_row, nicolae_hito_row,
          nicolae_hito_row, nicolae_hito_row, nicolae_hito_row,
          nicolae_hito_row, nicolae_hito_row, nicolae_hito_row,
          nicolae_hito_row], layout_basic, nzn_makhleb_speed_demon,
          hex_intersection, st_stairs_13, uniq_psyche, uniq_joseph
D:10:     layout_gridville, mainiacjoe_overflow_alcove_1, erik_orc_1,
          serial_shops, nicolae_shop_tiny_statue_garden
D:11:     layout_loops_ring, hangedman_abyss_or_decor_stagger,
          minmay_sticks_and_stones
D:12:     layout_rooms, kennysheep_windowed_goal
D:13:     layout_gridville, enter_trove_2
D:14:     layout_basic, hellmonk_vaults_order_and_chaos, minivault_14,
          serial_shops, kennysheep_mini, hangedman_devilish_allure
D:15:     hangedman_depths_entry_civil_slaughter, layout_irregular_city,
          serial_bayou_pond_b, uniq_agnes, uniq_josephine, uniq_nessos,
          uniq_roxanne, uniq_kirke
Temple:   nicolae_temple_cloud_nine
Lair:1:   layout_misc_corridors, uniq_urug
Lair:2:   layout_regular_city, nicolae_quartered_pool_super,
          infiniplex_staircase_pool_2, uniq_sonja
Lair:3:   layout_cellular_growth, shoals_dummy_entry,
          minmay_snake_entry_six_corridors, infiniplex_staircase_pool
Lair:4:   layout_gridlike, minmay_slime_entry_oklob_open, tgw_fedhas
Lair:5:   minmay_lair_end_enchanted_forest, layout_gridlike, lemuel_fruit_fields
Shoals:1: gammafunk_sealed_arena, layout_shoals, nicolae_shoals_circle_sea_wall,
          nicolae_tricolors
Shoals:2: layout_shoals, serial_shops, shop, nicolae_shop_rolling_square,
          nicolae_shop_pleasant_corner_grove, shop_fountains
Shoals:3: layout_shoals, nicolae_shoals_nautilus_by_nature
Shoals:4: shoals_end_simple, layout_shoals
Snake:1:  layout_misc_corridors, special_room, nicolae_snake_omega
Snake:2:  layout_onion, nicolae_snake_naga_rites, minmay_shop_grove
Snake:3:  layout_chambers, serial_shops, nicolae_shop_tiny_real_fake_doors,
          lemuel_fruit_tree
Snake:4:  snake_pit_salamanders_mu, layout_rooms, uniq_nikola
Orc:1:    layout_diamond_mine, uniq_maurice
Orc:2:    kennysheep_orc_mage_school, layout_caves, uniq_donald, uniq_rupert
Vaults:1: nicolae_vaults_offset_grid_hallway_3, nicolae_vaults_branching_niches,
          nicolae_vaults_storage_closets_3, grunt_vaults_diagonal,
          hangedman_vaults_corner, vaults_dpeg_doors, vaults_dpeg_encased_lava,
          v_misc_12, nicolae_vaults_network_square,
          nicolae_vaults_sesquioval_fish, layout_vaults_ring, serial_shops,
          nicolae_shop_advertising_works [nicolae_subvault_shop_adworks],
          uniq_norris
Vaults:2: nicolae_vaults_trapezoid_lopsided_2, ontoclasm_vaults_shuriken,
          nicolae_vaults_tangram_2, hangedman_vaults_stagger, v_misc_30,
          gammafunk_the_bubble [the_bubble_gammafunk_roulette],
          hangedman_vaults_hat, grunt_vaults_funnel,
          nicolae_vaults_variable_pillar_hall, dpeg_vaults_monster_row,
          nicolae_vaults_wrenched, ontoclasm_vaults_hangar,
          nicolae_vaults_cochlea, layout_vaults_omnibox, serial_shops, shop,
          nicolae_shop_hallway_plus

Skill      XL: |  1  2  3  4  5  6  7  8  9 10 11 12 13 14 15 16 17 |
---------------+----------------------------------------------------+-----
Throwing       | 2 3 6 8 10 11 | 11.6
Unarmed Combat | 4 6 7 9 11 12 13 15 16 17 18 20 | 20.5
Fighting       | 2 3 4 5 7 9 10 11 | 11.6
Dodging        | 3 4 5 6 7 8 9 10 | 10.2
Shields        | 2 6 8 9 11 13 15 | 15.2
Armour         | 2 4 5 6 7 9 |  9.6
Axes           | 1 |  1.8

Action                     |  1- 3 |  4- 6 |  7- 9 | 10-12 | 13-15 | 16-18 || total
---------------------------+-------+-------+-------+-------+-------+-------++-------
  Melee: Unarmed           |    71 |    73 |   258 |   877 |  1177 |   790 ||  3246
         Punch             |     1 |     5 |    13 |       |       |       ||    19
         Morningstar       |       |       |       |       |     7 |       ||     7
         War axe           |       |       |       |       |    20 |     4 ||    24
  Throw: Boomerang         |     4 |    14 |    48 |   183 |   173 |    18 ||   440
         Throwing net      |     1 |       |     1 |     1 |       |       ||     3
         Dart              |       |     1 |     3 |       |       |       ||     4
         Large rock        |       |     1 |     5 |    46 |    56 |   143 ||   251
         Javelin           |       |     1 |       |     7 |    31 |       ||    39
         Stone             |       |       |     4 |     9 |       |       ||    13
 Invoke: Sacrifice Artific |       |       |     1 |       |       |       ||     1
         Sacrifice Courage |       |       |     1 |       |       |       ||     1
         Sacrifice Forms   |       |       |       |     1 |       |       ||     1
         Apocalypse        |       |       |       |     2 |     3 |     6 ||    11
         Sacrifice Stealth |       |       |       |     1 |       |       ||     1
         Sacrifice Experie |       |       |       |     1 |       |       ||     1
         Reject Sacrifices |       |       |       |     1 |     2 |       ||     3
         Power Leap        |       |       |       |       |     2 |     2 ||     4
         Draw Out Power    |       |       |       |       |     2 |     2 ||     4
         Sacrifice Love    |       |       |       |       |       |     1 ||     1
    Use: Potion            |       |       |     8 |       |     3 |     3 ||    14
         Scroll            |       |       |    10 |     6 |    10 |     4 ||    30
   Stab: Distracted        |       |       |     1 |     6 |     7 |     6 ||    20
         Held in net/web   |       |       |     1 |       |       |     1 ||     2
         Paralysed         |       |       |       |     7 |    10 |    13 ||    30
         Invisible         |       |       |       |     2 |    19 |     6 ||    27
 Armour: Robe              |    49 |    48 |    62 |       |       |       ||   159
         Skin              |       |       |     2 |    15 |       |       ||    17
         Animal skin       |       |       |    29 |       |       |       ||    29
         Steam dragon scal |       |       |    47 |    85 |       |       ||   132
         Swamp dragon scal |       |       |       |   354 |   693 |   355 ||  1402
  Dodge: Dodged            |    27 |    29 |    97 |   235 |   336 |   267 ||   991
  Block: Kite shield       |       |       |       |   283 |   590 |   493 ||  1366
         Reflection        |       |       |       |       |    65 |    58 ||   123
   Form: Beast             |     1 |       |       |       |       |       ||     1
                           |     1 |       |       |       |       |       ||     1
